SA
DELAWARE 1787 BC @ ATHLETIC CLUB KC U-21
08/25/2030
 
TOP OF THE 1ST
Delaware 1787 BC batting - Pitching for Athletic Club KC U-21 : RHP Tetsunori Ikarashi
Pitching: RHP Tetsunori Ikarashi
Batting: RHB Luke Kreijling 0-0: Foul Ball, location: 2F
0-1: Ball
1-1: Ground out 6-3 (Groundball, 6M)
Batting: RHB Mathew Wall 0-0: Called Strike
0-1: Fly out, F8 (Flyball, 8RD)
Batting: LHB Bryce Abood 0-0: Called Strike
0-1: Ball
1-1: Swinging Strike
1-2: Strikes out swinging
Top of the 1st over - 0 runs, 0 hits, 0 errors, 0 left on base; Delaware 0 - Athletic Club KC 0
BOTTOM OF THE 1ST
Athletic Club KC U-21 batting - Pitching for Delaware 1787 BC : RHP Amando Codes
Pitching: RHP Amando Codes
Batting: LHB José Antonio Mireles 0-0: Ball
1-0: Ball
2-0: Ball
3-0: Base on Balls
Batting: RHB David Lozano 0-0: Ball
1-0: Grounds into double play, 4-6-3 (Groundball, 4)
Batting: RHB Mario Truxillo 0-0: Fly out, F7 (Flyball, 78M)
Bottom of the 1st over - 0 runs, 0 hits, 0 errors, 0 left on base; Delaware 0 - Athletic Club KC 0
TOP OF THE 2ND
Delaware 1787 BC batting - Pitching for Athletic Club KC U-21 : RHP Tetsunori Ikarashi
Batting: RHB Mario Castillo 0-0: Swinging Strike
0-1: Swinging Strike
0-2: Ball
1-2: Ball
2-2: Strikes out swinging
Batting: RHB Darryl Reed 0-0: Fly out, F6 (Popup, 6)
Batting: RHB Mike Pate 0-0: Called Strike
0-1: Foul Ball, location: 2F
0-2: Fly out, F4 (Line Drive, 4M)
Top of the 2nd over - 0 runs, 0 hits, 0 errors, 0 left on base; Delaware 0 - Athletic Club KC 0
BOTTOM OF THE 2ND
Athletic Club KC U-21 batting - Pitching for Delaware 1787 BC : RHP Amando Codes
Batting: RHB Abeni Mbanefo 0-0: Swinging Strike
0-1: Foul Ball, location: 2F
0-2: Ball
1-2: Foul Ball, location: 2F
1-2: SINGLE (Line Drive, 6MD)
Batting: RHB José Hernández 0-0: Ball
1-0: SINGLE (Groundball, 34D)
Abeni Mbanefo to second
Runner from 2nd tries for 3rd, SAFE, no throw
Batting: RHB Ted Hansen 0-0: DOUBLE (Flyball, 8RXD)
Abeni Mbanefo scores
José Hernández to third
Batting: RHB John Ricks 0-0: Called Strike
0-1: Ground out 5-3 (Groundball, 56S)
José Hernández scores
Ted Hansen to third
Batting: RHB Travis Murphy 0-0: Foul Ball, location: 2F
0-1: Ground out 6-3 (Groundball, 6)
Ted Hansen scores
Batting: RHB Jon Hall 0-0: Ball
1-0: Ground out 3-1 (Groundball, 3S)
Bottom of the 2nd over - 3 runs, 3 hits, 0 errors, 0 left on base; Delaware 0 - Athletic Club KC 3
TOP OF THE 3RD
Delaware 1787 BC batting - Pitching for Athletic Club KC U-21 : RHP Tetsunori Ikarashi
Batting: LHB Hai-feng Tang 0-0: Fly out, F4 (Popup, 34D)
Batting: RHB Norberto Rivera 0-0: Called Strike
0-1: Ball
1-1: Foul Ball, location: 2F
1-2: Strikes out swinging
Batting: LHB Todd Bonzalez 0-0: Foul Ball, location: 2F
0-1: Swinging Strike
0-2: Ball
1-2: Ball
2-2: Strikes out looking
Top of the 3rd over - 0 runs, 0 hits, 0 errors, 0 left on base; Delaware 0 - Athletic Club KC 3
BOTTOM OF THE 3RD
Athletic Club KC U-21 batting - Pitching for Delaware 1787 BC : RHP Amando Codes
Batting: LHB José Antonio Mireles 0-0: Ball
1-0: Called Strike
1-1: DOUBLE (Line Drive, 7LS)
Batting: RHB David Lozano 0-0: Ground out 5-3 (Groundball, 56S)
José Antonio Mireles to third
Batting: RHB Mario Truxillo 0-0: Ball
1-0: Called Strike
1-1: Called Strike
1-2: Ball
2-2: Ball
3-2: Base on Balls
Batting: RHB Abeni Mbanefo 0-0: Called Strike
Mario Truxillo is caught stealing 2nd base
0-1: Ball
1-1: Ball
2-1: Ball
3-1: Foul Ball, location: 2F
3-2: Base on Balls
Batting: RHB José Hernández 0-0: Called Strike
0-1: Called Strike
0-2: Foul Ball, location: 2F
0-2: Ball
Wild Pitch!
José Antonio Mireles scores
Abeni Mbanefo to second
1-2: Foul Ball, location: 2F
1-2: Ball
2-2: SINGLE (Line Drive, 6MD)
Abeni Mbanefo to third
Runner from 3rd tries for Home, SAFE, no throw
Batting: RHB Ted Hansen 0-0: Ball
1-0: Ball
2-0: Called Strike
2-1: Foul Ball, location: 2F
2-2: Reached on error, E4 (Groundball, 4)
José Hernández to second
Batting: RHB John Ricks 0-0: Foul Ball, location: 2F
0-1: DOUBLE (Line Drive, 8RD)
José Hernández scores
Ted Hansen to third
Batting: RHB Travis Murphy 0-0: Swinging Strike
0-1: Called Strike
0-2: Ball
1-2: Foul Ball, location: 2F
1-2: Ball
2-2: Foul Ball, location: 2F
2-2: Strikes out swinging
Bottom of the 3rd over - 3 runs, 3 hits, 1 error, 2 left on base; Delaware 0 - Athletic Club KC 6
TOP OF THE 4TH
Delaware 1787 BC batting - Pitching for Athletic Club KC U-21 : RHP Tetsunori Ikarashi
Batting: RHB Luke Kreijling 0-0: Ball
1-0: Called Strike
1-1: Single, Error in OF, E7, batter to second base
Batting: RHB Mathew Wall 0-0: Called Strike
0-1: Called Strike
0-2: SINGLE (Line Drive, 8RS)
Luke Kreijling to third
Runner from 3rd tries for Home, throw and OUT!
Batting: LHB Bryce Abood 0-0: Ball
Mathew Wall is caught stealing 2nd base
1-0: Ball
2-0: Ball
3-0: Base on Balls
Batting: RHB Mario Castillo 0-0: Ball
1-0: Foul Ball, location: 2F
1-1: Swinging Strike
1-2: Strikes out looking
Top of the 4th over - 0 runs, 2 hits, 1 error, 1 left on base; Delaware 0 - Athletic Club KC 6
BOTTOM OF THE 4TH
Athletic Club KC U-21 batting - Pitching for Delaware 1787 BC : RHP Amando Codes
Batting: RHB Jon Hall 0-0: Called Strike
0-1: Ball
1-1: Swinging Strike
1-2: Foul Ball, location: 2F
1-2: Ball
2-2: Foul Ball, location: 2F
2-2: Ground out 5-3 (Groundball, 56)
Batting: LHB José Antonio Mireles 0-0: Ball
1-0: Ball
2-0: Swinging Strike
2-1: Ball
3-1: Foul Ball, location: 2F
3-2: Foul Ball, location: 2F
3-2: SINGLE (Line Drive, 4)
Batting: RHB David Lozano 0-0: Called Strike
0-1: Fly out, F4 (Line Drive, 34)
Batting: RHB Mario Truxillo 0-0: Called Strike
0-1: Ball
1-1: Ball
2-1: Foul Ball, location: 2F
2-2: 2-RUN HOME RUN (Flyball, 78XD), Distance : 440 ft
Batting: RHB Abeni Mbanefo 0-0: Ball
1-0: Called Strike
1-1: Ball
2-1: Swinging Strike
2-2: Strikes out swinging
Bottom of the 4th over - 2 runs, 2 hits, 0 errors, 0 left on base; Delaware 0 - Athletic Club KC 8
TOP OF THE 5TH
Delaware 1787 BC batting - Pitching for Athletic Club KC U-21 : RHP Tetsunori Ikarashi
Batting: RHB Darryl Reed 0-0: DOUBLE (Flyball, 89D)
Batting: RHB Mike Pate 0-0: Called Strike
0-1: Ball
1-1: Ground out 6-3 (Groundball, 6)
Darryl Reed to third
Batting: LHB Hai-feng Tang 0-0: Called Strike
0-1: Foul Ball, location: 2F
0-2: Ball
1-2: Strikes out swinging
Batting: RHB Norberto Rivera 0-0: Called Strike
0-1: Ball
1-1: Foul Ball, location: 2F
1-2: Reached on error, E5 (Groundball, 56)
Darryl Reed scores
Batting: LHB Todd Bonzalez 0-0: Swinging Strike
0-1: Called Strike
0-2: Ball
1-2: Foul Ball, location: 2F
1-2: Foul Ball, location: 2F
1-2: Strikes out swinging
Top of the 5th over - 1 run, 1 hit, 1 error, 1 left on base; Delaware 1 - Athletic Club KC 8
BOTTOM OF THE 5TH
Athletic Club KC U-21 batting - Pitching for Delaware 1787 BC : RHP Amando Codes
Batting: RHB José Hernández 0-0: Ball
1-0: Foul Ball, location: 2F
1-1: Ball
2-1: Swinging Strike
2-2: Ground out 6-3 (Groundball, 6MS)
Batting: RHB Ted Hansen 0-0: Called Strike
0-1: Called Strike
0-2: Strikes out swinging
Batting: RHB John Ricks 0-0: Fly out, F8 (Flyball, 8RS)
Bottom of the 5th over - 0 runs, 0 hits, 0 errors, 0 left on base; Delaware 1 - Athletic Club KC 8
TOP OF THE 6TH
Delaware 1787 BC batting - Pitching for Athletic Club KC U-21 : RHP Tetsunori Ikarashi
Batting: RHB Luke Kreijling 0-0: SINGLE (Line Drive, 89M)
Batting: RHB Mathew Wall 0-0: Ball
1-0: Ball
2-0: Called Strike
2-1: Swinging Strike
2-2: Foul Ball, location: 2F
2-2: Ball
3-2: Base on Balls
Luke Kreijling to second
Batting: LHB Bryce Abood 0-0: Foul Ball, location: 2F
0-1: Foul Ball, location: 2F
0-2: Fielders Choice at 2nd, 5-4 (Groundball, 56)
Luke Kreijling to third
Batting: RHB Mario Castillo 0-0: Foul Ball, location: 2F
0-1: Ball
1-1: Ball
2-1: Ball
3-1: Called Strike
3-2: Fly out, F8 (Flyball, 8LS)
Runner from 3rd tags up, SCORES, no throw
Batting: RHB Darryl Reed 0-0: Foul Ball, location: 2F
0-1: Called Strike
0-2: Ball
1-2: SINGLE (Line Drive, 4MD)
Bryce Abood to second
Batting: RHB Mike Pate 0-0: Called Strike
0-1: Called Strike
0-2: Strikes out swinging
Top of the 6th over - 1 run, 2 hits, 0 errors, 2 left on base; Delaware 2 - Athletic Club KC 8
BOTTOM OF THE 6TH
Athletic Club KC U-21 batting - Pitching for Delaware 1787 BC : RHP Amando Codes
Pitching: RHP Charles Wells
Batting: RHB Travis Murphy 0-0: Ball
1-0: Fly out, F3 (Popup, 34S)
Batting: RHB Jon Hall 0-0: Foul Ball, location: 2F
0-1: Foul Ball, location: 2F
0-2: Ball
1-2: SINGLE (Line Drive, 56)
Batting: LHB José Antonio Mireles 0-0: Called Strike
0-1: Swinging Strike
0-2: Ball
1-2: Ball
2-2: Ball
3-2: Fly out, F8 (Flyball, 8LD)
Batting: RHB David Lozano 0-0: Ball
1-0: Fly out, F8 (Line Drive, 78D)
Bottom of the 6th over - 0 runs, 1 hit, 0 errors, 1 left on base; Delaware 2 - Athletic Club KC 8
TOP OF THE 7TH
Delaware 1787 BC batting - Pitching for Athletic Club KC U-21 : RHP Tetsunori Ikarashi
Now at 1B: Jihan Tuah
Now in CF: José Torres
Batting: LHB Hai-feng Tang 0-0: Ground out U3 (Groundball, 3)
Batting: RHB Norberto Rivera 0-0: Foul Ball, location: 2F
0-1: Swinging Strike
0-2: Ball
1-2: Foul Ball, location: 2F
1-2: Strikes out swinging
Batting: LHB Todd Bonzalez 0-0: Fly out, F5 (Line Drive, 5L)
Top of the 7th over - 0 runs, 0 hits, 0 errors, 0 left on base; Delaware 2 - Athletic Club KC 8
BOTTOM OF THE 7TH
Athletic Club KC U-21 batting - Pitching for Delaware 1787 BC : RHP Charles Wells
Batting: RHB Mario Truxillo 0-0: Swinging Strike
0-1: Foul Ball, location: 2F
0-2: Ball
1-2: Strikes out swinging
Batting: RHB Abeni Mbanefo 0-0: Ball
1-0: Foul Ball, location: 2F
1-1: Foul Ball, location: 2F
1-2: SOLO HOME RUN (Flyball, 7LD), Distance : 364 ft
Batting: RHB José Hernández 0-0: Swinging Strike
0-1: Foul Ball, location: 2F
0-2: Strikes out swinging
Batting: RHB Ted Hansen 0-0: Called Strike
0-1: Ball
1-1: Ground out 2-3 (Groundball, 15S)
Bottom of the 7th over - 1 run, 1 hit, 0 errors, 0 left on base; Delaware 2 - Athletic Club KC 9
TOP OF THE 8TH
Delaware 1787 BC batting - Pitching for Athletic Club KC U-21 : RHP Tetsunori Ikarashi
Pitching: RHP Cristián Rojas
Now at SS: Miguel Vásquez
Batting: RHB Luke Kreijling 0-0: SOLO HOME RUN (Flyball, 7LD), Distance : 348 ft
Batting: RHB Mathew Wall 0-0: Ground out 4-3 (Groundball, 4)
Batting: LHB Bryce Abood 0-0: Ball
1-0: SINGLE (Groundball, 34D)
Batting: RHB Mario Castillo 0-0: Swinging Strike
0-1: Foul Ball, location: 2F
0-2: Fly out, F4 (Line Drive, 4)
Batting: RHB Darryl Reed 0-0: Foul Ball, location: 2F
0-1: Swinging Strike
0-2: Ball
1-2: Ball
2-2: Strikes out looking
Top of the 8th over - 1 run, 2 hits, 0 errors, 1 left on base; Delaware 3 - Athletic Club KC 9
BOTTOM OF THE 8TH
Athletic Club KC U-21 batting - Pitching for Delaware 1787 BC : RHP Charles Wells
Batting: RHB John Ricks 0-0: Ball
1-0: Called Strike
1-1: Swinging Strike
1-2: Foul Ball, location: 2F
1-2: Ball
2-2: Ball
3-2: Strikes out swinging
Batting: RHB José Torres 0-0: Called Strike
0-1: Foul Ball, location: 2F
0-2: Foul Ball, location: 2F
0-2: Ball
1-2: Foul Ball, location: 2F
1-2: Ball
2-2: Ground out 6-3 (Groundball, 6)
Batting: RHB Jihan Tuah 0-0: Ball
1-0: Called Strike
1-1: Foul Ball, location: 2F
1-2: Strikes out looking
Bottom of the 8th over - 0 runs, 0 hits, 0 errors, 0 left on base; Delaware 3 - Athletic Club KC 9
TOP OF THE 9TH
Delaware 1787 BC batting - Pitching for Athletic Club KC U-21 : RHP Cristián Rojas
Batting: RHB Mike Pate 0-0: Ball
1-0: Ball
2-0: Called Strike
2-1: DOUBLE (Groundball, 5L)
Batting: LHB Hai-feng Tang 0-0: Called Strike
0-1: Ball
1-1: Called Strike
1-2: Ball
2-2: Strikes out swinging
Batting: RHB Norberto Rivera 0-0: Ball
1-0: Ball
2-0: Foul Ball, location: 2F
2-1: Ball
3-1: Base on Balls
Batting: LHB Todd Bonzalez 0-0: Foul Ball, location: 2F
0-1: Fly out, F8 (Flyball, 8RM)
Batting: RHB Luke Kreijling 0-0: Ball
1-0: Foul Ball, location: 2F
1-1: Ball
2-1: Ball
3-1: Base on Balls
Mike Pate to third
Norberto Rivera to second
Batting: RHB Mathew Wall 0-0: Foul Ball, location: 2F
0-1: Called Strike
0-2: Ball
1-2: Foul Ball, location: 2F
1-2: Strikes out swinging
Top of the 9th over - 0 runs, 1 hit, 0 errors, 3 left on base; Delaware 3 - Athletic Club KC 9
Sunday, March 18th, 2018 - OOTP Baseball 18.8 Build 76